 Dungeon Crawl Stone Soup version 0.30-a0-622-gddc90eaa04 (webtiles) character file.

Game seed: 10170224601160867521

1533631 ParallaxScroll the Slayer (level 24, 208/208 HPs)
             Began as a Mummy Berserker on Jan 9, 2023.
             Was an Elder of Trog.
             Escaped with the Orb
             ... and 3 runes on Jan 10, 2023!
             The game lasted 12:10:39 (77309 turns).

ParallaxScroll the Slayer (Mummy Berserker)        Turns: 77309, Time: 12:10:39

Health: 208/208    AC: 38    Str: 28 (32) XL:     24   Next: 90%
Magic:  23/23      EV:  8    Int:  2 (16) God:    Trog [****..]
Gold:   1359       SH: 19    Dex:  6 (14) Spells: 23/23 levels left

rFire   + + .      SeeInvis +    U - +8 demon trident "Rift" {distort, reach+}
rCold   + + +      Faith    +    s - +1 tower shield {rF+}
rNeg    + + +      Spirit   .    m - +10 plate armour {rC+}
rPois   ∞          Reflect  .    P - +1 helmet of Weak the Good {SInv}
rElec   +          Harm     .    O - +2 cloak
rCorr   +          Rampage  .    X - +0 pair of gloves "Gupel Jobb" {rElec}
Will    +++..                    r - +2 pair of boots {Stlth+}
Stlth   x                          - amulet of regeneration
HPRegen 1.34/turn                n - ring of Ysepp {rF++ rC++ rCorr Int+6}
MPRegen 0.18/turn                o - ring "Udolastrics" {rC+ Str+4 Int+3}

@: studying 2 skills
A: cold resistance 1, negative energy resistance 3, torment resistance 2, heat
vulnerability 1, in touch with death 2, no potions, faith
0: Orb of Zot
}: 3/15 runes: barnacled, slimy, gossamer
a: Renounce Religion, Trog's Hand, Brothers in Arms


You escaped.
You worshipped Trog.
Trog was greatly pleased with you.
You visited 11 branches of the dungeon, and saw 53 of its levels.
You visited 1 bazaar.
You also visited: Bailey, Gauntlet, Ice Cave and Wizlab.

You collected 9484 gold pieces.
You spent 8125 gold pieces at shops.

Inventory:

Hand Weapons
 a - a +9 spectral broad axe
 b - a +9 antimagic broad axe
 c - a +8 broad axe of flaming
 g - the +11 whip "Zozxu" {speed, +Blink rPois rN+}
   (You found it on level 5 of the Realm of Zot)

   rPois:     It protects you from poison.
   rN:        It protects you from negative energy.
   +Blink:    It lets you blink.
 j - the +5 demon whip "Spellbinder" {antimagic, Will+}
   (You found it on level 2 of the Depths)

   It unleashes wild and unpredictable magical effects upon striking a wizard or
   a creature with magical abilities.
   Will:      It increases your willpower.
 U - the +8 demon trident "Rift" (weapon) {distort, reach+}
   (You took it off a spriggan rider on level 3 of the Depths)

   It can reach especially far, and its reaching attacks ignore other creatures
   in the way.
Missiles
 v - 18 silver javelins (quivered)
 C - a curare-tipped dart
 H - 22 javelins
 J - 4 silver boomerangs
 L - 24 boomerangs
 S - a throwing net
 T - 5 atropa-tipped darts
Armour
 m - a +10 plate armour of cold resistance (worn)
 r - a +2 pair of boots of stealth (worn)
 s - a +1 tower shield of fire resistance (worn)
 O - a +2 cloak (worn)
 P - the +1 helmet of Weak the Good (worn) {SInv}
   (You found it in a Gauntlet)

   SInv:      It lets you see invisible.
 X - the +0 pair of gloves "Gupel Jobb" (worn) {rElec}
   (You found it in a Gauntlet)

   rElec:     It insulates you from electricity.
Jewellery
 d - the ring of the Tortoise {AC+8}
   (You bought it in a shop on level 1 of the Elven Halls)

   [ring of protection]

   AC:        It affects your AC (+8).
 l - an amulet of reflection
 n - the ring of Ysepp (left hand) {rF++ rC++ rCorr Int+6}
   (You bought it in a shop on level 1 of the Shoals)

   [ring of intelligence]

   Int:       It affects your intelligence (+6).
   rF:        It greatly protects you from fire.
   rC:        It greatly protects you from cold.
   rCorr:     It protects you from acid and corrosion.
 o - the ring "Udolastrics" (right hand) {rC+ Str+4 Int+3}
   (You found it on level 5 of the Pits of Slime)

   [ring of protection from cold]

   Str:       It affects your strength (+4).
   Int:       It affects your intelligence (+3).
   rC:        It protects you from cold.
 p - a +4 ring of protection
 t - a ring of willpower
 x - an amulet of regeneration (around neck)
 E - the ring of the Tempest {rPois rC++ Str+6 Int-2 SInv}
   (You found it on level 5 of the Pits of Slime)

   [ring of strength]

   Str:       It affects your strength (+6).
   Int:       It affects your intelligence (-2).
   rC:        It greatly protects you from cold.
   rPois:     It protects you from poison.
   SInv:      It lets you see invisible.
 K - a ring of protection from fire
 V - a ring of flight
Wands
 h - a wand of polymorph (53)
 i - a wand of mindburst (39)
 A - a wand of digging (14)
 F - a wand of flame (85)
 I - a wand of paralysis (20)
 W - a wand of light (2)
 Y - a wand of iceblast (3)
Scrolls
 e - 6 scrolls of butterflies
 f - 2 scrolls of blinking
 k - 7 scrolls of immolation
 w - 4 scrolls of vulnerability
 y - 2 scrolls of magic mapping
 B - 12 scrolls of fog
 G - 3 scrolls of torment
 M - 17 scrolls of teleportation
 N - 3 scrolls of silence
 Q - 9 scrolls of fear
Miscellaneous
 u - a tin of tremorstones (2/2)
 z - a box of beasts (inert)
 D - a condenser vane
 R - a lightning rod (4/4)
 Z - a phial of floods


   Skills:
 + Level 21.2 Fighting
 - Level 3.0 Short Blades
 - Level 18.0(18.5) Axes
 - Level 7.8(14.0) Polearms
 - Level 4.2 Ranged Weapons
 - Level 14.0 Throwing
 - Level 15.0 Armour
 - Level 7.0 Dodging
 - Level 1.0 Stealth
 - Level 18.0 Shields
 - Level 12.3 Evocations


You had 23 spell levels left.
You didn't know any spells.
Your spell library was empty.

Dungeon Overview and Level Annotations

Branches:
Dungeon (15/15)            Temple (0/1) D:6            Lair (5/5) D:8
 Shoals (4/4) Lair:2       Spider (4/4) Lair:3        Slime (5/5) Lair:4
    Orc (2/2) D:10            Elf (2/3) Orc:2        Vaults (4/5) D:13
  Crypt (3/3) Vaults:2     Depths (4/4) D:15            Zot (5/5) Depths:4
 Bailey (visited)           IceCv (visited)          WizLab (visited)
Gauntlet (visited)
   Tomb: Crypt:3

Altars:
Ashenzari
Cheibriados
Fedhas
Gozag
Makhleb
Ru
Sif Muna
Trog
Vehumet
Wu Jian

Shops:
D:6 *[[??   Orc:1 =   Orc:2 (?[?!   Elf:1 *(   Elf:2 **   Shoals:1 ?=
Shoals:3 [**(   Shoals:4 *   Vaults:3 ?:[   Depths:2 :

Portals:
Hell: Depths:1 Depths:2 Depths:3 Depths:4
Abyss: Depths:3
Pandemonium: Depths:2 Depths:3
Ziggurat: Depths:3
Trove: D:12 (give 6 scrolls of fog)

Annotations:
D:11 exclusion: upstairs
D:15 exclusion: upstairs
Slime:5 1 exclusion
Elf:1 2 transporters, Hutsabit's ghost, adept DrFE
Elf:2 3 runed translucent doors
Crypt:2 Mennas
Depths:2 exclusion: upstairs
Depths:3 exclusion: upstairs
Depths:4 4 runed translucent doors


Innate Abilities, Weirdness & Mutations

You are immune to poison.
Your flesh is cold resistant. (rC+)
You are immune to negative energy. (rN+++)
You are immune to unholy pain and torment.
You are vulnerable to heat. (rF-)
You are strongly in touch with the powers of death.
You do not drink.
You have a special connection with the divine. (Faith)


Message History

Space warps around the Orb Guardian.
The Orb Guardian is lightly wounded.
The Orb Guardian hits you but does no damage.
You impale the Orb Guardian!!
The Orb Guardian is heavily wounded.
The Orb Guardian hits you!!
You closely miss the Orb Guardian.
The Orb Guardian is heavily wounded.
The Orb Guardian hits you!
Your skin crawls.
You feel strong-willed. The Orb Guardian hits you.
You hit the Orb Guardian.
Space warps horribly around the Orb Guardian!
The Orb Guardian is severely wounded.
You block the Orb Guardian's attack.
You puncture the Orb Guardian!
Space warps horribly around the Orb Guardian!
The Orb Guardian is almost dead.
The Orb Guardian barely misses you. You block the Orb Guardian's attack.
You barely miss the Orb Guardian.
The Orb Guardian is almost dead.
You block the Orb Guardian's attack.
You puncture the Orb Guardian!
You kill the Orb Guardian!
Trog accepts your kill.
(D) Dungeon (T) Temple (L) Lair (A) Shoals (N) Spider Nest (M) Slime Pits (O) Orcish Mines (E) Elven Halls (V) Vaults (C) Crypt (U) Depths (H) Hell (Z) Zot
Where to? (Enter - D:1 @ (x,y), ? - help)
You feel the effects of Trog's Hand fading.
A tormentor comes into view.
Your skin stops crawling.
You feel less strong-willed.
There is a stone staircase leading up here.
You climb upwards.
There is a stone staircase leading down here.
HP restored.
There is a staircase leading out of the dungeon here.
You have escaped!

#.#..#.....#...#...#.[...# #.#.
##.#..#..#...#..#..#...#..## #.#.
##.#......#..#..#..#..#....# #.#.
##.#.......#..#.#.#..#.....# #.#.
##......#...#.#.#.#.#...#..# #.#.
..###....##..#.#.#.#..##...# #...
#.# #......##.#...#.##.....# ###.
#.# #........#.....#.......# #.
#.# #..######...@...######.## #.
#.# #........#.....#........## #.
#.###......##.#...#.##.......###.
#..##....##..#.#.#.#..##...#.....
##.##...#...#.#.#.#.#...#..#.###.
#.##......#..#.#.#..#.!...#.# #.
#..#.....#..#..#..#..#......# #.
##.#.#..#...#..#..#...#..##.# #.
#.#.#.....#...#...#........# #.


There were no monsters in sight!

Vanquished Creatures
  the Royal Jelly (Slime:5)
  2 dread liches
  6 orbs of fire
  An ancient lich (Zot:5)
  2 Killer Klowns (Zot:5)
  Xtahua (Depths:4)
  Saint Roka (Depths:1)
  A curse toe (Zot:5)
  4 golden dragons
  3 bone dragons (Depths:4)
  2 electric golems
  2 Tzitzimimeh (Depths:3)
  3 tentacled monstrosities
  Jorgrun (Shoals:3)
  A lich (Vaults:1)
  A walking earthen tome (Depths:2)
  25 Orb Guardians
  A titan (Depths:1)
  A quicksilver dragon (Depths:4)
  An Executioner (WizLab)
  17 acid blobs
  4 sphinxes
  2 death cobs (Zot:1)
  13 azure jellies
  8 storm dragons
  4 shadow dragons
  2 tengu reavers
  2 revenants (Vaults:2)
  Ilsuiw (Shoals:4)
  3 fire giants
  A draconian monk (Depths:4)
  10 rockslimes
  A deep elf sorcerer (Elf:1)
  2 ghost moths
  3 frost giants
  5 draconian scorchers
  11 vault wardens
  A draconian knight (Depths:4)
  A balrug (WizLab)
  2 emperor scorpions
  An iron dragon (Depths:2)
  5 ghouls (Crypt:1)
  A draconian shifter (Zot:1)
  6 ironbound preservers
  10 quicksilver oozes
  2 draconian annihilators
  An orc warlord (Vaults:1)
  A draconian stormcaller (Depths:4)
  2 war gargoyles
  4 spriggan defenders
  15 stone giants
  20 very ugly things
  4 ironbound thunderhulks
  4 broodmothers
  6 green draconians
  A purple draconian (Depths:4)
  A rockslime zombie (Crypt:2)
  4 black draconians
  5 eleionomae (Depths:3)
  5 yellow draconians
  5 vampire knights
  8 dire elephants
  A lorocyproca (WizLab)
  4 red draconians
  8 white draconians
  An eidolon (Crypt:1)
  A crystal guardian (Vaults:3)
  3 deep elf death magi (Elf:1)
  6 spark wasps
  3 blizzard demons
  11 ettins
  A green death (WizLab)
  7 merfolk javelineers (Shoals:4)
  11 merfolk impalers
  5 fire dragons
  7 yaktaur captains
  A deep elf high priest (Vaults:2)
  10 great orbs of eyes
  5 jiangshi (Crypt:2)
  10 entropy weavers
  2 spriggan zombies
  2 peacekeepers
  3 rakshasas
  5 vault guards
  A hell beast (Gauntlet)
  10 hydras
  4 ice dragons
  8 radroaches
  2 jorogumos (Spider:3)
  Erolcha (Orc:1)
  9 centaur warriors
  14 ironbound frosthearts
  2 alligator snapping turtles
  5 spriggan air magi
  5 merfolk aquamancers
  2 merfolk avatars (Shoals:4)
  A death knight (Crypt:1)
  2 ogre magi
  13 two-headed ogres
  2 fenstrider witch skeletons (Crypt:1)
  4 boulder beetles
  A satyr (shapeshifter) (Depths:2)
  2 catoblepae
  7 satyrs
  4 vampire magi
  10 death yaks
  8 deep troll shamans
  3 deep troll earth magi
  2 orc high priests (Orc:2)
  6 tengu warriors
  7 spriggan berserkers
  7 dancing weapons
  8 hell knights
  4 hell hogs (Depths:1)
  5 sun demons
  13 deep elf knights
  A titan skeleton (Crypt:1)
  5 soul eaters
  An anaconda zombie (Crypt:1)
  5 iron trolls
  A golden dragon zombie (Crypt:2)
  3 sixfirhies
  2 sun moths
  A salamander mystic (Depths:1)
  14 skeletal warriors
  17 sea snakes
  7 pharaoh ants
  A spark wasp zombie (D:15)
  3 flayed ghosts
  20 deep trolls
  A goliath frog (Lair:5)
  3 glowing orange brains
  7 orb spiders
  A bog body (Crypt:1)
  3 phantasmal warriors
  19 harpies
  13 steelbarb worms
  13 deep elf archers
  4 lindwurms
  13 ironbound convokers
  6 wizards
  2 shadow demons
  16 deep elf zephyrmancers
  2 golden dragon skeletons
  8 orc knights
  Pikel (D:6)
  9 necromancers
  18 wolf spiders
  A harpy (shapeshifter) (Depths:2)
  24 ugly things
  A shadow dragon zombie (Crypt:1)
  3 shining eyes
  A stone giant zombie (D:15)
  29 deep elf pyromancers
  6 orc sorcerers
  A tengu skeleton (Vaults:3)
  13 fauns
  A frost giant zombie (D:15)
  21 manticores
  2 salamanders (Depths:1)
  8 merfolk sirens
  16 moths of wrath
  An iron dragon skeleton (Depths:2)
  An elephant (shapeshifter) (Vaults:3)
  2 fire giant skeletons
  A toenail golem (Depths:3)
  106 slime creatures
  11 cyclopes
  7 smoke demons
  A stone giant skeleton (D:15)
  5 black mambas
  21 cane toads
  11 elephants
  5 centaur zombies (D:13)
  10 demonic crawlers
  2 ice statues (IceCv)
  12 water nymphs
  15 vault sentinels
  3 orange demons
  2 gargoyles
  2 eyes of devastation
  2 torpor snails
  A centaur skeleton (Crypt:1)
  2 unseen horrors
  A hellion (Zot:5)
  6 komodo dragons
  9 tengu conjurers
  A kobold demonologist (D:9)
  5 rime drakes
  46 yaktaurs
  A human skeleton (Vaults:3)
  3 freezing wraiths
  An ice devil (WizLab)
  4 red devils (D:15)
  An efreet (D:13)
  6 harpy zombies (Shoals:4)
  A tormentor (Depths:3)
  8 wind drakes
  A queen bee (Spider:1)
  10 trolls
  A hellwing (Depths:2)
  10 meliai
  31 merfolk
  20 tarantellas
  11 hornets
  10 saltlings (Orc:2)
  3 tyrant leeches (Lair:5)
  A blink frog (shapeshifter) (Elf:1)
  45 blink frogs
  13 snapping turtles
  A harpy skeleton (Crypt:1)
  A meliai zombie (D:13)
  A human simulacrum (Vaults:4)
  18 jumping spiders
  An ice dragon zombie (Crypt:1)
  23 dream sheep
  A jumping spider (shapeshifter) (Vaults:1)
  14 culicivoras
  12 flying skulls
  6 centaur simulacra
  2 air elementals
  9 spriggans (Depths:3)
  14 water elementals
  A shadow (D:13)
  8 wraiths
  2 vampires (D:13)
  69 yaks
  3 ynoxinuls (WizLab)
  5 wyverns
  A fire bat (shapeshifter) (Vaults:4)
  3 basilisks
  A fire elemental (Elf:2)
  A human (D:13)
  10 golden eyes
  2 steam dragons (D:9)
  16 vampire mosquitoes
  68 redbacks
  Edmund (D:6)
  5 wargs
  An acid dragon (D:8)
  A harpy simulacrum (Crypt:1)
  2 floating eyes
  8 water moccasins
  Duvessa (D:6)
  A naga skeleton (Crypt:1)
  A meliai simulacrum (Gauntlet)
  29 orc warriors
  5 black bears
  A swamp drake (shapeshifter) (Depths:2)
  3 ice beasts
  A blink frog zombie (Crypt:1)
  13 wolves
  8 ogres
  8 centaurs
  An elf simulacrum (Vaults:4)
  A lemure (D:6)
  A manticore skeleton (Crypt:1)
  A phantom (D:5)
  3 kobold brigands
  Blork the orc (D:5)
  A human zombie (Vaults:3)
  A gnoll sergeant (D:12)
  13 bullfrogs
  3 scorpions
  4 necrophages (Crypt:1)
  3 earth elementals
  A hornet simulacrum (Gauntlet)
  10 wights
  Dowan (D:6)
  A troll zombie (Crypt:1)
  39 killer bees
  A lindwurm simulacrum (IceCv)
  8 howler monkeys
  5 electric eels
  6 komodo dragon simulacra (IceCv)
  6 hounds
  23 orc priests
  A gnoll bouda (D:7)
  5 iguanas
  19 orc wizards
  3 hell rats (Lair:5)
  12 adders
  20 gnolls
  6 acid dragon simulacra (IceCv)
  6 river rats (Lair:5)
  A shadow imp (D:6)
  A white imp (D:5)
  An ufetubus (D:6)
  8 steam dragon simulacra (IceCv)
  An adder skeleton (Crypt:1)
  3 worms
  4 dart slugs
  94 orcs
  10 ball pythons
  A bat zombie (Crypt:1)
  7 endoplasms
  3 giant cockroaches
  4 goblins
  9 hobgoblins
  11 kobolds
  5 quokkas
  3 training dummies (Orc:2)
  6 bats
  5 frilled lizards
  6 rats
  A bush (Lair:5)
2134 creatures vanquished.

Vanquished Creatures (collateral kills)
  2 orbs of fire (Zot:5)
  the Enchantress (Depths:3)
  Roxanne (Elf:1)
  A cacodemon (WizLab)
  A war gargoyle (Vaults:4)
  A minotaur (Gauntlet)
  2 dire elephants (Vaults:2)
  A merfolk impaler (Shoals:3)
  A hydra (D:9)
  A radroach (Spider:4)
  A spriggan air mage (Depths:3)
  2 two-headed ogres (Orc:2)
  A boulder beetle (Spider:4)
  A deep troll shaman (Depths:3)
  A pharaoh ant (Spider:4)
  2 lindwurms (Vaults:1)
  An ironbound convoker (Vaults:1)
  2 orc knights (Vaults:1)
  An ugly thing (Vaults:4)
  A water nymph (Shoals:3)
  A torpor snail (Spider:4)
  A demonic crawler (Spider:4)
  A merfolk (Shoals:3)
  A meliai (Spider:4)
  A wind drake (Shoals:3)
  4 orc warriors
  3 orcs
37 creatures vanquished.

Vanquished Creatures (others)
  A purple draconian (Depths:4)
  A spriggan (Depths:3)
  An ironbound convoker (Vaults:1)
  2 deep elf zephyrmancers
  A deep elf pyromancer (Orc:2)
  A manticore (Shoals:4)
  A rime drake (IceCv)
  A tarantella (Spider:3)
  2 hornets (Depths:3)
  A snapping turtle (Shoals:4)
  A redback (Spider:2)
  2 bushes
  14 demonic plants (Gauntlet)
  41 fungi
  3 pillars of salt (Orc:2)
  210 plants
  10 withered plants
293 creatures vanquished.

Grand Total: 2464 creatures vanquished

Notes
Turn   | Place    | Note
-------+----------+-------------------------------------------
     0 | D:1      | ParallaxScroll the Mummy Berserker began the quest for the
                  | Orb.
     0 | D:1      | Reached XP level 1. HP: 18/18 MP: 1/1
    95 | D:1      | Reached XP level 2. HP: 18/24 MP: 2/2
   468 | D:1      | Reached ** piety under Trog
   934 | D:2      | Gained mutation: You are in touch with the powers of death.
                  | [Mummy growth]
   934 | D:2      | Reached XP level 3. HP: 29/29 MP: 3/3
  1001 | D:2      | Reached skill level 1 in Short Blades
  1521 | D:3      | Reached skill level 1 in Throwing
  1521 | D:3      | Reached XP level 4. HP: 35/35 MP: 4/4
  1872 | D:3      | Reached skill level 1 in Evocations
  2054 | D:3      | Reached *** piety under Trog
  2154 | D:3      | Found a broken altar of Ashenzari.
  2282 | D:3      | Found a burning altar of Makhleb.
  2552 | D:4      | Reached XP level 5. HP: 39/41 MP: 5/5
  2644 | D:4      | Noticed an ogre
  2659 | D:4      | Killed an ogre
  3203 | D:4      | Reached XP level 6. HP: 46/47 MP: 6/6
  3448 | D:5      | Entered Level 5 of the Dungeon
  3577 | D:5      | Noticed an ice beast
  3592 | D:5      | Killed an ice beast
  3632 | D:5      | Reached skill level 4 in Fighting
  3650 | D:5      | Found an ornate altar of the Wu Jian Council.
  3663 | D:5      | Reached **** piety under Trog
  3700 | D:5      | Noticed Blork the orc
  3713 | D:5      | Killed Blork the orc
  3714 | D:5      | Reached XP level 7. HP: 31/55 MP: 7/7
  4081 | D:5      | Reached skill level 5 in Fighting
  4943 | D:5      | Found an ornate altar of the Wu Jian Council.
  5364 | D:6      | Found Givad's Magic Scroll Boutique.
  5373 | D:6      | Reached XP level 8. HP: 52/62 MP: 8/8
  5429 | D:6      | Bought a scroll of identify for 28 gold pieces
  5429 | D:6      | Bought a scroll of identify for 28 gold pieces
  5429 | D:6      | Bought a scroll of identify for 28 gold pieces
  5429 | D:6      | Bought a scroll of identify for 28 gold pieces
  5431 | D:6      | Bought a scroll of vulnerability for 56 gold pieces
  5431 | D:6      | Bought a scroll of blinking for 105 gold pieces
  5478 | D:6      | Noticed Edmund
  5492 | D:6      | Killed Edmund
  5573 | D:6      | Found Hapid's Magic Scroll Emporium.
  5574 | D:6      | Noticed Maggie
  5943 | D:6      | Noticed Pikel
  5963 | D:6      | Killed Pikel
  5964 | D:6      | Reached skill level 5 in Armour
  6044 | D:6      | Maggie changed into Maggie the blink frog
  6044 | D:6      | Noticed Maggie
  6055 | D:6      | Killed Maggie the blink frog
  6142 | D:6      | Found Kiask's Antique Armour Shoppe.
  6198 | D:6      | Bought a scroll of noise for 13 gold pieces
  6198 | D:6      | Bought a scroll of identify for 26 gold pieces
  6274 | D:6      | Reached skill level 6 in Fighting
  6274 | D:6      | Reached XP level 9. HP: 49/69 MP: 9/9
  6353 | D:6      | Found a staircase to the Ecumenical Temple.
  6389 | D:6      | Noticed Dowan
  6401 | D:6      | Killed Dowan
  6403 | D:6      | Noticed Duvessa
  6414 | D:6      | Killed Duvessa
  6561 | D:6      | Found Ruvidd's Armour Emporium.
  6656 | D:6      | Found Aguefu's CLEARANCE SALE!.
  7301 | D:7      | Found a snail-covered altar of Cheibriados.
  7583 | D:6      | Bought a ring of fire for 75 gold pieces
  7583 | D:6      | Bought a scroll of identify for 6 gold pieces
  7742 | D:7      | Reached skill level 7 in Fighting
  7828 | D:7      | Reached skill level 1 in Ranged Weapons
  8223 | D:7      | Found a shimmering blue altar of Sif Muna.
  8643 | D:8      | Reached XP level 10. HP: 58/79 MP: 10/10
  9392 | D:9      | Reached skill level 5 in Evocations
 10034 | D:9      | Reached skill level 8 in Fighting
 10034 | D:9      | Reached skill level 5 in Axes
 10220 | D:8      | Reached skill level 1 in Stealth
 10621 | D:9      | Noticed a two-headed ogre
 10944 | D:9      | Noticed a deep elf pyromancer
 10992 | D:9      | Killed a deep elf pyromancer
 10993 | D:9      | Reached XP level 11. HP: 75/86 MP: 11/11
 11111 | D:9      | Noticed a two-headed ogre
 11133 | D:9      | Killed a two-headed ogre
 11471 | D:9      | Noticed an ogre mage
 11488 | D:9      | Killed an ogre mage
 11823 | D:10     | Entered Level 10 of the Dungeon
 11872 | D:10     | Found a flagged portal.
 11919 | Bailey   | Entered a bailey
 12008 | Bailey   | Noticed an orc knight
 12015 | Bailey   | an orc knight changed into a komodo dragon
 12022 | Bailey   | Reached skill level 9 in Fighting
 12395 | D:10     | Found an opulent altar of Gozag.
 12448 | D:10     | Found a sacrificial altar of Ru.
 12461 | D:10     | Identified a scroll of acquirement
 12603 | D:10     | Reached skill level 1 in Shields
 12806 | D:10     | Found a staircase to the Orcish Mines.
 13002 | D:6      | Bought a scroll of enchant weapon for 105 gold pieces
 13002 | D:6      | Bought a scroll of blinking for 105 gold pieces
 13651 | D:11     | Found a frozen archway.
 13691 | IceCv    | Entered an ice cave
 13973 | IceCv    | Reached skill level 5 in Shields
 14273 | IceCv    | Noticed a white draconian
 14285 | IceCv    | Reached XP level 12. HP: 95/95 MP: 12/12
 14292 | IceCv    | Killed a white draconian
 14312 | IceCv    | Reached ***** piety under Trog
 14837 | D:11     | Noticed a two-headed ogre
 14842 | D:11     | Killed a two-headed ogre
 15004 | D:11     | Noticed a two-headed ogre
 15009 | D:11     | Killed a two-headed ogre
 15049 | D:11     | Noticed a two-headed ogre
 15058 | D:11     | Killed a two-headed ogre
 15172 | D:11     | Noticed a rakshasa
 15183 | D:11     | Killed a rakshasa
 15756 | D:11     | Noticed a two-headed ogre
 15764 | D:11     | Killed a two-headed ogre
 15952 | D:9      | Noticed a five-headed hydra
 15975 | D:9      | Killed a five-headed hydra
 16143 | D:9      | Noticed a centaur warrior
 16150 | D:9      | Killed a centaur warrior
 16497 | D:8      | Found a staircase to the Lair.
 16731 | Lair:1   | Entered Level 1 of the Lair of Beasts
 17311 | Lair:1   | Reached skill level 10 in Axes
 17509 | Lair:2   | Noticed a death yak
 17509 | Lair:2   | Noticed a death yak
 17510 | Lair:2   | Noticed a death yak
 17510 | Lair:2   | Noticed a death yak
 17731 | Lair:2   | Gained mutation: You are strongly in touch with the powers
                  | of death. [Mummy growth]
 17731 | Lair:2   | Reached XP level 13. HP: 101/101 MP: 13/13
 17731 | Lair:2   | Found a staircase to the Shoals.
 18002 | Lair:2   | Received a gift from Trog
 19549 | Lair:3   | Found a gate leading to a gauntlet.
 19567 | Gauntlet | Entered a Gauntlet
 19567 | Gauntlet | Found a transporter.
 19567 | Gauntlet | Found a transporter.
 19567 | Gauntlet | Found a transporter.
 19570 | Gauntlet | Found a transporter.
 19571 | Gauntlet | Found a transporter.
 19581 | Gauntlet | Found a transporter.
 19585 | Gauntlet | Found a transporter.
 19594 | Gauntlet | Noticed a dire elephant
 19597 | Gauntlet | Found a transporter.
 19686 | Gauntlet | Found a transporter.
 19696 | Gauntlet | Found a transporter.
 19700 | Gauntlet | Found a transporter.
 19710 | Gauntlet | Found a transporter.
 19858 | Gauntlet | Identified the ring of Cidgha {Int+4 Dex+6}
 19922 | Gauntlet | Noticed a minotaur
 19933 | Gauntlet | Killed a minotaur
 19941 | Gauntlet | Identified the +1 helmet of Weak the Good {SInv}
 19957 | Gauntlet | Identified the +0 pair of gloves "Gupel Jobb" {rElec}
 20260 | Lair:3   | Received a gift from Trog
 20271 | Lair:3   | Found a hole to the Spider Nest.
 20522 | Lair:3   | You fall into a shaft and drop 2 floors!
 20522 | Lair:5   | Entered Level 5 of the Lair of Beasts
 20867 | Lair:5   | Reached XP level 14. HP: 108/108 MP: 14/14
 21118 | Lair:5   | Reached skill level 5 in Throwing
 21421 | Lair:4   | Found a staircase to the Slime Pits.
 22086 | Lair:3   | Identified the +6 flail of Gemiad {venom, *Corrode Dex+4}
 23530 | D:12     | Received a gift from Trog
 23615 | D:12     | Reached skill level 10 in Fighting
 23703 | D:12     | Found a portal to a secret trove of treasure.
 24113 | Orc:1    | Entered Level 1 of the Orcish Mines
 24113 | Orc:1    | Noticed Erolcha
 24119 | Orc:1    | Killed Erolcha
 24292 | Orc:1    | Found Tugi's Jewellery Emporium.
 24336 | Orc:1    | Acquired 536 gold pieces
 24450 | Orc:2    | Entered Level 2 of the Orcish Mines
 24479 | Orc:2    | Found a staircase to the Elven Halls.
 24548 | Orc:2    | Found Sihul's Firing Range.
 24571 | Orc:2    | Bought a throwing net for 48 gold pieces
 24571 | Orc:2    | Bought 4 poisoned darts for 25 gold pieces
 24626 | Orc:2    | Received a gift from Trog
 25215 | Orc:2    | Reached skill level 10 in Shields
 25241 | Orc:2    | Found Astror's Distillery.
 25241 | Orc:2    | Paralysed by an orc sorcerer for 2 turns
 25250 | Orc:2    | Reached XP level 15. HP: 63/115 MP: 15/15
 25250 | Orc:2    | Received a gift from Trog
 25315 | Orc:2    | Found Osedgha's Magic Scroll Shop.
 25354 | Orc:2    | Found Mebesoy's Magic Scroll Shoppe.
 25360 | Orc:2    | Bought a scroll of torment for 104 gold pieces
 25692 | Orc:2    | Found Xoac's Antique Armour Boutique.
 25791 | Orc:2    | Bought a scroll of enchant weapon for 90 gold pieces
 25791 | Orc:2    | Bought a scroll of magic mapping for 90 gold pieces
 25791 | Orc:2    | Bought a scroll of teleportation for 36 gold pieces
 25791 | Orc:2    | Bought a scroll of fear for 48 gold pieces
 25791 | Orc:2    | Bought a scroll of fog for 48 gold pieces
 25791 | Orc:2    | Bought a scroll of magic mapping for 90 gold pieces
 25810 | Orc:2    | Bought a scroll of fog for 44 gold pieces
 25810 | Orc:2    | Bought a scroll of blinking for 82 gold pieces
 25885 | Orc:2    | Bought a +0 hand crossbow for 56 gold pieces
 27144 | Elf:1    | Entered Level 1 of the Elven Halls
 27152 | Elf:1    | Received a gift from Trog
 27678 | Elf:1    | Found Jys Dioj's Weapon Shoppe.
 27891 | Elf:1    | Noticed a deep elf blademaster
 27891 | Elf:1    | Noticed Hutsabit's ghost (adept DrFE)
 27893 | Elf:1    | Found a bloodstained altar of Trog.
 27893 | Elf:1    | Noticed a deep elf blademaster
 27911 | Elf:1    | Found a flickering gateway to a bazaar.
 27929 | Bazaar   | Entered a bazaar
 27950 | Bazaar   | Found Agguapu's Weapon Emporium.
 27966 | Bazaar   | Found Det Sieseno's Antique Armour Shoppe.
 27982 | Bazaar   | Found Kedacal's Weapon Emporium.
 27998 | Bazaar   | Found Eblon's Weapon Emporium.
 27998 | Bazaar   | Found Miwneiv's Assorted Antiques.
 28070 | Elf:1    | Received a gift from Trog
 28130 | Elf:1    | Reached skill level 5 in Dodging
 28302 | Elf:1    | Noticed a deep elf sorcerer
 28306 | Elf:1    | Killed a deep elf sorcerer
 28381 | Elf:1    | Noticed a deep elf blademaster
 28386 | Elf:1    | Noticed a deep elf blademaster
 28440 | Elf:1    | Found a transporter.
 28442 | Elf:1    | Found a transporter.
 28444 | Elf:1    | Reached XP level 16. HP: 118/122 MP: 16/16
 28506 | Elf:1    | Noticed Roxanne
 28511 | Elf:1    | Killed Roxanne
 28689 | Elf:1    | Found Faofim's Assorted Antiques.
 28979 | Elf:1    | Reached skill level 15 in Axes
 29113 | Elf:2    | Found a radiant altar of Vehumet.
 29940 | D:14     | Identified the +7 broad axe of the Vine {flame, rN+ Dex+4
                  | Stlth+} (Trog gifted it to you on level 14 of the Dungeon)
 29940 | D:14     | Received a gift from Trog
 30770 | D:15     | Entered Level 15 of the Dungeon
 31162 | D:15     | Found a staircase to the Depths.
 32554 | Lair:5   | Received a gift from Trog
 33589 | Shoals:1 | Entered Level 1 of the Shoals
 33840 | Shoals:1 | Received a gift from Trog
 33840 | Shoals:1 | Reached ****** piety under Trog
 33883 | Shoals:1 | Reached XP level 17. HP: 128/128 MP: 17/17
 34459 | Shoals:1 | Found Xaefug Zufej's Magic Scroll Boutique.
 34467 | Shoals:1 | Bought a scroll of enchant armour for 127 gold pieces
 34559 | Shoals:1 | Found Noicur's Jewellery Emporium.
 35295 | Shoals:2 | Received a gift from Trog
 36060 | Shoals:3 | Noticed Jorgrun
 36206 | Shoals:1 | Bought the ring of Ysepp {rF++ rC++ rCorr Int+6} for 919
                  | gold pieces
 36306 | Spider:1 | Entered Level 1 of the Spider Nest
 36992 | Spider:1 | Received a gift from Trog
 37911 | Spider:2 | Received a gift from Trog
 37912 | Spider:2 | Reached skill level 11 in Fighting
 39127 | Spider:3 | Reached skill level 10 in Armour
 39157 | Spider:3 | Reached XP level 18. HP: 139/139 MP: 18/18
 39461 | Spider:3 | Received a gift from Trog
 39783 | Spider:4 | Entered Level 4 of the Spider Nest
 40001 | Spider:4 | Reached skill level 12 in Fighting
 40430 | Spider:4 | Received a gift from Trog
 41599 | Spider:4 | Got a gossamer rune of Zot
 41990 | Elf:2    | Found Keymacluu's Assorted Antiques.
 42179 | Elf:2    | Found a runed translucent gate.
 42180 | Elf:2    | Found a runed translucent gate.
 42184 | Elf:2    | Found a runed translucent gate.
 42323 | Elf:2    | Received a gift from Trog
 42372 | Elf:2    | Found Qaumn's Overcharged Wands.
 42428 | Elf:2    | Bought a wand of mindburst (30) for 630 gold pieces
 43215 | D:13     | Found a gate to the Vaults.
 43255 | Vaults:1 | Entered Level 1 of the Vaults
 43310 | Vaults:1 | Reached skill level 13 in Fighting
 43428 | Vaults:1 | Received a gift from Trog
 43455 | Vaults:1 | Reached XP level 19. HP: 95/149 MP: 19/19
 44743 | Vaults:1 | Reached skill level 10 in Evocations
 45296 | Shoals:3 | Killed Jorgrun
 45917 | Shoals:3 | Found Noggopyh's Visitors' Centre.
 45920 | Shoals:3 | Found Noggopyh's Merfolk Weapons.
 45960 | Shoals:3 | Found Noggopyh's Merfolk Armours.
 46000 | Shoals:3 | Found Noggopyh's Merfolk Magic.
 46292 | Shoals:3 | Identified the +2 scimitar "Jeisuar" {flame, Int+3}
 46373 | Shoals:3 | Bought 6 silver javelins for 187 gold pieces
 46373 | Shoals:3 | Bought 5 boomerangs for 32 gold pieces
 46397 | Shoals:4 | Entered Level 4 of the Shoals
 46453 | Shoals:3 | Received a gift from Trog
 46916 | Shoals:4 | Noticed Ilsuiw
 46935 | Shoals:4 | Killed Ilsuiw
 47193 | Shoals:4 | Reached skill level 14 in Fighting
 47294 | Shoals:4 | Found Aguvoal's Assorted Antiques.
 47574 | Shoals:4 | Received a gift from Trog
 48566 | Shoals:4 | Got a barnacled rune of Zot
 49447 | Vaults:1 | Reached XP level 20. HP: 141/159 MP: 20/20
 49745 | Vaults:2 | Upgraded the game from 0.30-a0-618-gd6c86c23d0 to
                  | 0.30-a0-622-gddc90eaa04
 50048 | Vaults:2 | Received a gift from Trog
 50125 | Vaults:2 | Reached skill level 15 in Shields
 50415 | Vaults:2 | Found a staircase to the Crypt.
 51003 | Vaults:3 | Found Hurph's Antique Armour Shoppe.
 51082 | Vaults:3 | Received a gift from Trog
 51201 | Vaults:3 | Found Qudipox's Book Shoppe.
 51222 | Vaults:3 | Found Vaaschucweg's Magic Scroll Shoppe.
 51228 | Vaults:3 | Bought a scroll of blinking for 165 gold pieces
 51228 | Vaults:3 | Bought a scroll of blinking for 165 gold pieces
 52073 | Vaults:3 | Reached skill level 15 in Fighting
 52237 | Vaults:3 | Received a gift from Trog
 53383 | Vaults:4 | Found a magical portal.
 53401 | WizLab   | Entered Doroklohe's Tomb
 53440 | WizLab   | Received a gift from Trog
 53954 | WizLab   | Reached XP level 21. HP: 170/170 MP: 21/21
 54018 | WizLab   | Reached skill level 16 in Fighting
 54474 | WizLab   | Acquired 1055 gold pieces
 54594 | Vaults:4 | Identified the +2 scale mail of the Undertaker {Drain
                  | Str+6}
 55692 | Vaults:4 | Received a gift from Trog
 55859 | Vaults:4 | Reached skill level 17 in Fighting
 56128 | Depths:1 | Entered Level 1 of the Depths
 57498 | Depths:1 | Noticed Saint Roka
 57508 | Depths:1 | Killed Saint Roka
 58206 | Depths:2 | Identified the +4 long sword "Soiroh" {flame, rElec rPois
                  | Str+2}
 58209 | Depths:2 | Found Gyimyvu's Book Shoppe.
 58369 | Depths:2 | Received a gift from Trog
 58459 | Depths:2 | Found a gateway to Hell.
 58906 | Depths:2 | Found the +5 demon whip "Spellbinder" {antimagic, Will+}
 59007 | Depths:2 | Noticed a golden dragon
 59012 | Depths:2 | Killed a golden dragon
 59015 | Depths:2 | Reached skill level 18 in Fighting
 59313 | Depths:2 | Noticed a golden dragon
 59505 | Depths:2 | Killed a golden dragon
 59678 | Depths:2 | Received a gift from Trog
 60101 | Depths:2 | Found a one-way gate leading to the halls of Pandemonium.
 60881 | Elf:1    | Bought the ring of the Tortoise {AC+8} for 4224 gold pieces
 60881 | Elf:1    | Found the ring of the Tortoise {AC+8}
 61273 | Depths:3 | Reached XP level 22. HP: 113/184 MP: 22/22
 61563 | Depths:3 | Found a broken altar of Ashenzari.
 61707 | Depths:3 | Found a one-way gateway to a ziggurat.
 62421 | Depths:3 | Reached skill level 10 in Throwing
 62539 | Depths:3 | Received a gift from Trog
 62646 | Depths:3 | Found a one-way gate to the infinite horrors of the Abyss.
 62935 | Depths:3 | Found a snail-covered altar of Cheibriados.
 63224 | Depths:3 | Identified the +7 sling of Doubt {heavy, rElec rN+++ Will-
                  | Dex-4}
 63255 | Depths:3 | Reached skill level 1 in Polearms
 63333 | Depths:3 | Noticed the Enchantress
 63463 | Depths:3 | Killed the Enchantress
 63560 | Depths:4 | Entered Level 4 of the Depths
 63928 | Depths:4 | Reached skill level 5 in Polearms
 64111 | Depths:4 | Noticed a golden dragon
 64213 | Depths:4 | Noticed Xtahua
 64223 | Depths:4 | Killed Xtahua
 64570 | Depths:4 | Found a blossoming altar of Fedhas.
 64851 | Depths:4 | Received a gift from Trog
 65034 | Depths:4 | Reached skill level 19 in Fighting
 65205 | Depths:4 | Found a runed translucent door.
 65205 | Depths:4 | Found a runed translucent door.
 65205 | Depths:4 | Found a runed translucent door.
 65212 | Depths:4 | Found a runed translucent door.
 65240 | Depths:4 | Found a runed translucent door.
 65247 | Depths:4 | Found a runed translucent door.
 65396 | Depths:4 | Killed a golden dragon
 65429 | Depths:4 | Found a gate to the Realm of Zot.
 66131 | Slime:1  | Entered Level 1 of the Pits of Slime
 66665 | Slime:2  | Reached skill level 20 in Fighting
 67087 | Slime:1  | Received a gift from Trog
 67205 | Slime:2  | Reached XP level 23. HP: 196/196 MP: 23/23
 67379 | Slime:5  | Entered Level 5 of the Pits of Slime
 67532 | Slime:5  | Noticed the Royal Jelly
 67550 | Slime:5  | Killed the Royal Jelly
 67790 | Slime:5  | Received a gift from Trog
 68443 | Slime:5  | Identified the ring "Udolastrics" {rC+ Str+4 Int+3}
 68447 | Slime:5  | Got a slimy rune of Zot
 68448 | Slime:5  | Identified the ring of the Tempest {rPois rC++ Str+6 Int-2
                  | SInv}
 68488 | Slime:5  | Identified the +5 battleaxe "Inilyl" {flame, rF+ rC+ Int+3
                  | Dex-4}
 68693 | Shoals:4 | Bought a wand of light (1) for 147 gold pieces
 69046 | Vaults:3 | Bought a scroll of enchant armour for 165 gold pieces
 69475 | Crypt:1  | Entered Level 1 of the Crypt
 70383 | Crypt:3  | Entered Level 3 of the Crypt
 70383 | Crypt:3  | Noticed an ancient lich
 70509 | Crypt:2  | Received a gift from Trog
 70645 | Crypt:2  | Noticed Mennas
 70969 | Zot:1    | Entered Level 1 of the Realm of Zot
 71392 | Zot:2    | Reached skill level 15 in Armour
 71676 | Zot:5    | Entered Level 5 of the Realm of Zot
 71681 | Zot:5    | Received a gift from Trog
 72636 | Zot:5    | Reached XP level 24. HP: 193/204 MP: 23/23
 72641 | Zot:5    | Identified the +11 whip "Zozxu" {speed, +Blink rPois rN+}
 72781 | Zot:5    | Noticed an orb of fire
 72794 | Zot:5    | Noticed an orb of fire
 72795 | Zot:5    | Noticed an orb of fire
 72906 | Zot:5    | Killed an orb of fire
 73446 | Zot:4    | Killed an orb of fire
 73550 | Zot:5    | Killed an orb of fire
 73654 | Zot:5    | Noticed an orb of fire
 73682 | Zot:5    | Killed an orb of fire
 74026 | Zot:5    | Noticed an orb of fire
 74027 | Zot:5    | Banished an orb of fire
 74112 | Zot:5    | Noticed an orb of fire
 74168 | Zot:5    | Banished an orb of fire
 74181 | Zot:5    | Noticed an ancient lich
 74195 | Zot:5    | Killed an ancient lich
 74289 | Zot:5    | Noticed a Killer Klown
 74331 | Zot:5    | Banished a Killer Klown
 74334 | Zot:5    | Noticed an orb of fire
 74362 | Zot:5    | Lost intelligence.
 74364 | Zot:5    | Noticed a dread lich
 74368 | Zot:5    | Killed an orb of fire
 74388 | Zot:4    | Killed a dread lich
 74457 | Zot:5    | Noticed an orb of fire
 74484 | Zot:5    | Killed an orb of fire
 74608 | Zot:5    | Noticed a Killer Klown
 74630 | Zot:5    | Killed a Killer Klown
 75070 | Zot:5    | Noticed a Killer Klown
 75089 | Zot:5    | Killed a Killer Klown
 75090 | Zot:5    | Reached skill level 21 in Fighting
 75158 | Zot:5    | Noticed an orb of fire
 75191 | Zot:5    | Killed an orb of fire
 75252 | Zot:5    | Noticed an orb of fire
 75297 | Zot:5    | Banished an orb of fire
 75965 | Zot:5    | Noticed a dread lich
 75983 | Zot:5    | Killed a dread lich
 76412 | Zot:5    | Noticed an orb of fire
 76425 | Zot:5    | Killed an orb of fire
 76701 | Zot:5    | Got the Orb of Zot
 76751 | Zot:5    | Noticed Faeliroa the pandemonium lord
 76952 | Depths:2 | Noticed Ubrup the pandemonium lord
 77309 | D:$      | Escaped with the Orb!

Illustrated notes

Levels and vault maps discovered:
D:1:      minmay_arrival_radiant_lines, layout_basic, minmay_distorted
D:2:      layout_basic
D:3:      layout_loops_corners, lemuel_crystal_altar, marbit_many_paths,
          serial_bayou_ford_a
D:4:      layout_loops_cross
D:5:      layout_loops_ring, nicolae_wu_jian_wuxing_cycle, uniq_blork_the_orc
D:6:      layout_basic, minmay_temple_entry_proselytizer, serial_shops, shop,
          kennysheep_mini_moat, shop_fountains, nicolae_shop_waterfront,
          chequers_serial_rivers_small_a, nicolae_shop_clearance, uniq_maggie,
          uniq_duvessa, uniq_edmund, uniq_pikel
D:7:      layout_loops_cross, lemuel_blue_sif_altar, amcnicky_altar_gilded,
          wad_floor_pattern_1
D:8:      layout_gridville, erik_lair_island
D:9:      nzn_winding_woodlands_cross [nzn_winding_woodlands_5x15_concentric,
          nzn_winding_woodlands_5x15_parted, nzn_winding_woodlands_5x15_twine,
          nzn_winding_woodlands_5x15_river_crossing,
          nzn_winding_woodlands_15x15_thick_spiral], layout_cave_pools,
          st_stairs_9, nrook_uturn, minmay_joined_circles
D:10:     layout_roguey, mainiacjoe_overflow_24_doors,
          mainiacjoe_overflow_small_starburst, orc_0_dummy, enter_bailey_7,
          kennysheep_generic_room_16
D:11:     layout_stronghold, portal_ice_cave_entry_pillars_1
D:12:     layout_roguey, enter_trove_1
D:13:     layout_cave_pools, grunt_vaults_entry_fortified, serial_undead,
          serial_undead_b, serial_undead_a, serial_undead_e, serial_undead_b
D:14:     layout_long_grid, good_gods_temple_1, chequers_serial_rivers_small_a
D:15:     gammafunk_depths_entry_grave, layout_gridville,
          einodemon_armed_red_devil_minivault
Lair:1:   layout_roguey, cheibrodos_lair_reptile_den
Lair:2:   layout_small_grid, minmay_shoals_entry_beasts, beast_lair_carwin_2
Lair:3:   layout_layer_cave, spider_nest_entry_webs, gauntlet_entry_generic,
          lemuel_fruit_tree
Lair:4:   layout_small_grid, slime_entry_1, chequers_serial_rivers_micro_e,
          serial_bayou_shore_b, grunt_megastairs_2, lemuel_fruit_fields,
          infiniplex_staircase_pool
Lair:5:   minmay_lair_end_frog_pond, layout_cave_pods,
          kennysheep_abandoned_house
Shoals:1: layout_shoals, serial_shops, nicolae_shop_crystal,
          nicolae_shoals_c_island
Shoals:2: layout_shoals, nicolae_shoals_dead_sea_scrolls
Shoals:3: nicolae_shoals_mermall, layout_shoals, uniq_jorgrun
Shoals:4: shoals_end_simple, layout_shoals, shoals_ilsuiw_alternative,
          serial_shops, nicolae_shop_advertising_works
          [nicolae_subvault_shop_adworks], nicolae_shoals_undead_eyrie
Spider:1: layout_spider_delve, special_room [special_room_bee],
          hangedman_spider_tarantella_strand
Spider:2: layout_cave_pods
Spider:3: layout_spider_delve
Spider:4: hellmonk_spider_rune_bug_friends
Slime:1:  layout_caves
Slime:2:  layout_caves
Slime:3:  layout_caves, nicolae_slime_welcoming_committee
Slime:4:  layout_caves
Slime:5
Orc:1:    layout_caves, minmay_shop_enchanted_jewellery, uniq_erolcha
Orc:2:    hellmonk_orc_salted, layout_diamond_mine, nicolae_shop_firing_range
Elf:1:    eino_elf_arrival_the_gate, layout_gridlike, serial_shops,
          bzr_entry_safe, nicolae_shop_hallway_stairs, shop,
          gammafunk_ghost_wrathful_warriors, minmay_elf_crystal_heptagon,
          uniq_roxanne
Elf:2:    elven_hall_of_blades_hangedman_original
          [nicolae_vaults_blade_armed_guards], layout_loops_cross, serial_shops,
          nicolae_shop_hallway_plus, basic_altar,
          nicolae_shop_overcharged_wands, uniq_aizul
Vaults:1: hangedman_vaults_river_flow, hangedman_vaults_locks,
          vaults_room_large_hall, v_alt_pattern_6,
          hangedman_vaults_stretched_pinwheel, ontoclasm_vaults_twist,
          v_alt_pattern_1, vaults_room_fours, v_alt_pattern_2, vaults_dpeg_ring,
          v_misc_5, st_more_cells, nicolae_vaults_specimen_jars,
          layout_vaults_omnigrid
Vaults:2: grunt_vaults_bifocal, minmay_crypt_entry_simple_corners,
          vaults_room_fancy_cross, v_misc_10, vaults_room_ringed_pool,
          grunt_vaults_funnel, vaults_room_fancy_cross, vaults_room_grid,
          v_pattern_2, v_misc_32, v_misc_14, nicolae_vaults_border_crossing,
          vaults_room_stairs_pillars, layout_vaults_big_room
Vaults:3: ontoclasm_vaults_ring_small, hangedman_vaults_cutoff,
          hangedman_vaults_hard_town_square, vaults_dpeg_spiral, v_pattern_4,
          ontoclasm_vaults_eye, vaults_room_fours, v_misc_12,
          nicolae_vaults_mini_display_case, layout_vaults_big_cross
Vaults:4: mu_enter_wizlab_3, serial_ice_h, grunt_vaults_diagonal,
          hangedman_vaults_stagger, v_rooms_3, ontoclasm_vaults_fault,
          v_alt_pattern_1, ontoclasm_vaults_loading_screen,
          nicolae_vaults_triangles, nicolae_vaults_circle_grid_a,
          nicolae_vaults_network_barrier, v_misc_25,
          nicolae_vaults_little_squares_2, nicolae_vaults_little_squares_3,
          layout_vaults_ring
Crypt:1:  layout_gridlike
Crypt:2:  layout_chaotic_city, lemuel_elevator, uniq_mennas
Crypt:3:  due_elkab, layout_chaotic_city
Depths:1: layout_honeycomb, hellmouth_3, lightli_minifort, uniq_saint_roka
Depths:2: minmay_the_grid_square_5x5_5x5 [minmay_the_grid_square_5x5_trominoes,
          minmay_the_grid_square_5x5_percent, minmay_the_grid_square_5x5_eight,
          minmay_the_grid_square_5x5_spiral,
          minmay_the_grid_square_5x5_intrusive_squares,
          minmay_the_grid_square_5x5_misaligned,
          minmay_the_grid_square_5x5_prize_snowflake,
          minmay_the_grid_square_5x5_slash,
          minmay_the_grid_square_5x5_prize_gold,
          minmay_the_grid_square_5x5_beaten_path,
          minmay_the_grid_square_5x5_bridge,
          minmay_the_grid_square_5x5_three_walls,
          minmay_the_grid_square_5x5_prize_open,
          minmay_the_grid_square_5x5_six_small,
          minmay_the_grid_square_5x5_lines, minmay_the_grid_square_5x5_three,
          minmay_the_grid_square_5x5_prize_deathbox,
          minmay_the_grid_square_5x5_two_walls_b,
          minmay_the_grid_square_5x5_prize_monsterx,
          minmay_the_grid_square_5x5_plus,
          minmay_the_grid_square_5x5_almost_minimal,
          minmay_the_grid_square_5x5_eight_small,
          minmay_the_grid_square_5x5_fancy_junction,
          minmay_the_grid_square_5x5_shrine1,
          minmay_the_grid_square_5x5_tri_point], layout_basic,
          rand_demon_pan_entry_5, serial_shops, shop, hell_entry
Depths:3: grunt_forest_end_chambers, layout_cave_shapes, enter_ziggurat_e,
          abyss_entry_crystal, lemuel_tele_altar, rand_demon_pan_entry_9,
          hell_entry, evilmike_ruin_ashenzari
Depths:4: evilmike_zot_entry_castle, layout_long_grid, grunt_decor_mini_mirrors,
          hangedman_coc_ice_floe, fedhas_altar_fruit_tree, uniq_xtahua
Zot:1:    layout_basic
Zot:2:    layout_basic
Zot:3:    layout_onion, grunt_ministairs_7, grunt_megastairs_3, lemuel_elevator
Zot:4:    layout_twisted_circle, grunt_megastairs_4
Zot:5:    layout_misc_corridors

Skill      XL: |  1  2  3  4  5  6  7  8  9 10 11 12 13 14 15 16 17 18 19 20 21 22 23 24 |
---------------+-------------------------------------------------------------------------+-----
Axes           | 3 4 6 7 10 11 12 14 17 18 | 18.0
Short Blades   | 1 2 3 |  3.0
Throwing       | 1 2 3 4 6 7 8 9 10 12 14 | 14.0
Evocations     | 1 2 3 4 5 6 7 8 9 10 11 12 | 12.3
Armour         | 3 6 7 8 9 10 11 12 13 15 | 15.0
Dodging        | 2 3 4 5 6 7 |  7.0
Fighting       | 4 5 6 7 8 9 10 11 13 14 15 18 20 21 | 21.2
Ranged Weapons | 2 3 4 |  4.2
Stealth        | 1 |  1.0
Shields        | 5 8 9 10 11 14 15 17 18 | 18.0
Polearms       | 7 |  7.8

Action                   |  1- 3 |  4- 6 |  7- 9 | 10-12 | 13-15 | 16-18 | 19-21 | 22-24 || total
-------------------------+-------+-------+-------+-------+-------+-------+-------+-------++-------
Melee: Hand axe          |    62 |    14 |       |       |       |       |       |       ||    76
       Dagger            |    68 |   174 |   302 |   218 |       |       |       |       ||   762
       Punch             |     1 |     4 |     4 |     3 |       |       |       |       ||    12
       Dire flail        |       |       |    16 |       |       |       |       |       ||    16
       War axe           |       |       |    41 |   100 |    22 |       |       |       ||   163
       Battleaxe         |       |       |    28 |   108 |       |       |       |       ||   136
       Broad axe         |       |       |       |   217 |   778 |  1062 |  1286 |  1065 ||  4408
       Trident           |       |       |       |     6 |       |       |       |       ||     6
       Demon trident     |       |       |       |       |       |       |       |   432 ||   432
 Fire: Arbalest          |       |       |    16 |    72 |       |       |       |       ||    88
       Sling             |       |       |       |    10 |       |       |       |       ||    10
       Hand crossbow     |       |       |       |       |     2 |       |       |       ||     2
Throw: Stone             |       |     2 |     6 |       |       |       |       |       ||     8
       Boomerang         |       |     1 |    17 |    18 |   115 |   182 |    93 |    66 ||   492
       Throwing net      |       |     1 |     4 |       |       |     4 |       |     8 ||    17
       Javelin           |       |       |     3 |     8 |    22 |    54 |    64 |    99 ||   250
       Dart              |       |       |     1 |    46 |    45 |   132 |    26 |     6 ||   256
Invok: Trog's Hand       |       |     1 |    15 |    15 |    27 |     7 |    23 |    41 ||   129
       Brothers in Arms  |       |       |       |     2 |     3 |     5 |     3 |     8 ||    21
Evoke: Wand              |       |       |     6 |    14 |     8 |    16 |    31 |    33 ||   108
       Condenser vane    |       |       |       |       |     2 |     3 |     6 |     4 ||    15
       Box of beasts     |       |       |       |       |       |       |     6 |     7 ||    13
       Tin of tremorston |       |       |       |       |       |       |     2 |     3 ||     5
       Phial of floods   |       |       |       |       |       |       |     1 |     1 ||     2
       Lightning rod     |       |       |       |       |       |       |       |     1 ||     1
  Use: Scroll            |       |     3 |     5 |    13 |     9 |     8 |    13 |    33 ||    84
 Stab: Distracted        |     1 |       |       |     2 |    12 |    19 |    34 |    30 ||    98
       Paralysed         |       |       |    12 |       |     4 |     5 |     5 |     3 ||    29
       Held in net/web   |       |       |     1 |       |       |     2 |     1 |     6 ||    10
       Invisible         |       |       |       |       |     1 |       |     1 |     3 ||     5
Armor: Animal skin       |     1 |       |       |       |       |       |       |       ||     1
       Leather armour    |    12 |       |       |       |       |       |       |       ||    12
       Ring mail         |     4 |    35 |     7 |       |       |       |       |       ||    46
       Plate armour      |       |       |   167 |   377 |   316 |   459 |   386 |   553 ||  2258
Dodge: Dodged            |    64 |    82 |   161 |   201 |   109 |   177 |   149 |   203 ||  1146
Block: Other             |       |       |    38 |   114 |       |       |       |       ||   152
       Reflection        |       |       |     2 |     9 |    31 |    50 |    56 |    30 ||   178
       Tower shield      |       |       |       |   239 |   592 |   863 |   990 |   929 ||  3613

Table legend: (Time is in decaauts)
 A = Elapsed time spent in this place.
 B = Non-inter-level travel time spent in this place.
 C = Inter-level travel time spent in this place.
 D = Time resting spent in this place.
 E = Time spent auto-exploring this place.
 F = Levels seen in this place.
 G = Mean time per level.
                   A        B        C        D        E       F      G
               +--------+--------+--------+--------+--------+-----+--------+
         Total |  77808 |  64412 |  13396 |  19212 |  28074 |  58 | 1341.5 |
       Dungeon |  21896 |  18353 |   3543 |   4577 |   9569 |  15 | 1459.7 |
          Lair |   8281 |   6695 |   1586 |    817 |   4262 |   5 | 1656.2 |
        Shoals |   6548 |   4563 |   1985 |   1678 |   1371 |   4 | 1637.0 |
   Spider Nest |   5440 |   4089 |   1351 |   1058 |   1551 |   4 | 1360.0 |
    Slime Pits |   2396 |   1978 |    418 |    464 |    617 |   5 |  479.2 |
  Orcish Mines |   2606 |   2194 |    412 |    579 |   1034 |   2 | 1303.0 |
   Elven Halls |   3111 |   2554 |    557 |    779 |   1065 |   2 | 1555.5 |
        Vaults |   7772 |   6657 |   1115 |   2049 |   3089 |   4 | 1943.0 |
         Crypt |   1191 |   1045 |    146 |    128 |    565 |   3 |  397.0 |
        Depths |   9909 |   8606 |   1303 |   3056 |   3743 |   4 | 2477.2 |
           Zot |   5707 |   4732 |    975 |   2878 |    387 |   5 | 1141.4 |
        Bazaar |     95 |     95 |      0 |      0 |     87 |   1 |   95.0 |
        Bailey |    432 |    432 |      0 |     61 |    177 |   1 |  432.0 |
      Ice Cave |    847 |    847 |      0 |    293 |    319 |   1 |  847.0 |
        Wizlab |   1153 |   1153 |      0 |    763 |     62 |   1 | 1153.0 |
      Gauntlet |    417 |    417 |      0 |     27 |    174 |   1 |  417.0 |
               +--------+--------+--------+--------+--------+-----+--------+

Top non-repeatable levels by time:
   Zot:5: 4252 daAuts
Depths:2: 2825 daAuts
     D:8: 2722 daAuts
Depths:3: 2454 daAuts
Vaults:3: 2414 daAuts
Depths:4: 2413 daAuts
     D:9: 2321 daAuts
  Lair:2: 2248 daAuts
Depths:1: 2217 daAuts
Vaults:1: 2207 daAuts
Shoals:4: 2143 daAuts
   Elf:1: 2141 daAuts
  Lair:5: 1952 daAuts
   Orc:2: 1885 daAuts
Spider:4: 1821 daAuts
